 Dungeon Sprint DCSS version 0.28.0-47-ge53b351184 (webtiles) character file.

Game seed: 8238745179376606489

523 browni3141 the Fighter (level 7, -6/132 HPs)
             Began as an Ogre Berserker on May 4, 2022.
             Was an Elder of Trog.
             Mangled by a two-headed ogre
             ... wielding a +0 giant spiked club
              (11 damage)
             ... in the Dungeon (Sprint IX: "|||||||||||||||||||||||||||||").
             The game lasted 00:00:45 (312 turns).

browni3141 the Fighter (Ogre Berserker)              Turns: 312, Time: 00:00:45

Health: -6/132     AC: 11    Str: 30    XL:     7   Next: 22%
Magic:  7/7        EV: 10    Int:  8    God:    Trog [****..]
Gold:   0          SH:  0    Dex:  8    Spells: 6/6 levels left

rFire   . . .      SeeInvis .   l - +2 morningstar (protect)
rCold   . . .      Faith    .   (no shield)
rNeg    . . .      Spirit   .   b - +0 animal skin
rPois   .          Reflect  .   (helmet restricted)
rElec   .          Harm     .   k - +0 cloak
rCorr   .          Rampage  .   (gloves unavailable)
Will    .....      NoTele   +   (boots unavailable)
Stlth   ..........              (no amulet)
HPRegen 0.32/turn               S - +3 ring of strength
MPRegen 0.10/turn               s - +3 ring of strength

@: berserking (expiring), under a protective aura, very quick
A: large, unfitting armour, tough skin 1
a: Renounce Religion, Berserk, Trog's Hand, Brothers in Arms


You were in the Dungeon.
You worshipped Trog.
Trog was greatly pleased with you.
You visited 1 branch


Innate Abilities, Weirdness & Mutations

You are too large for most types of armour.
You have tough skin. (AC +1)


   Skills:
 + Level 11.0 Fighting
 * Level 10.7 Maces & Flails
 - Level 2.6 Dodging
 - Level 5.0 Evocations


You had 6 spell levels left.
You didn't know any spells.
Your spell library was empty.

Inventory:

Hand Weapons
 a - a +0 mace
 l - a +2 morningstar of protection (weapon)
Armour
 b - a +0 animal skin (worn)
 k - a +0 cloak (worn)
Jewellery
 s - a +3 ring of strength (right hand)
 S - a +3 ring of strength (left hand)
Wands
 j - a wand of acid (10)
Scrolls
 h - 2 scrolls of blinking {@r3}
Potions
 c - 5 potions of curing {@q1}
 d - 3 potions of heal wounds {@q2}
 e - a potion of haste {@q3}
 f - 4 potions of magic
 g - a potion of berserk rage {!q}
 i - a potion of invisibility

Dungeon Overview and Level Annotations

Branches:
Dungeon (1/1)

Altars:
Cheibriados
Dithmenos
Elyvilon
Fedhas
Gozag
Hepliaklqana
Kikubaaqudgha
Makhleb
Nemelex Xobeh
Okawaru
Qazlal
Ru
Sif Muna
Trog
Uskayaw
Vehumet
Wu Jian
Xom
Yredelemnul
Zin
The Shining One
Beogh
Jiyva
Lugonu ¦.¦ ¦.¦ ¦.¦ ¦.¦ ¦.¦ ¦T¦ ¦O¦

¦@¦
¦.¦
¦[¦
¦.¦
¦[¦
¦.¦
¦)¦
¦?¦
¦.¦


You could see a two-headed ogre and a troll.


Message History

The vampire mosquito draws strength from your injuries!
You barely miss the vampire mosquito.
The vampire mosquito is heavily damaged.
The vampire mosquito bites you!
* * * LOW HITPOINT WARNING * * *
The vampire mosquito draws strength from your injuries!
The vampire mosquito bites you but does no damage.
You are too injured to fight recklessly!
You are too injured to fight recklessly!
You barely miss the vampire mosquito. You punch the vampire mosquito!
The vampire mosquito is heavily damaged.
The vampire mosquito bites you!
* * * LOW HITPOINT WARNING * * *
The vampire mosquito draws strength from your injuries!
You barely miss the vampire mosquito.
The vampire mosquito is moderately damaged.
The vampire mosquito bites you.
* * * LOW HITPOINT WARNING * * *
The vampire mosquito draws strength from your injuries!
You impale the vampire mosquito!!
You destroy the vampire mosquito!
Trog accepts your kill.
Your Fighting skill increases to level 11!
You have reached level 7!
Unknown command.
You barely miss the two-headed ogre.
The two-headed ogre hits you with a +0 giant spiked club!!
* * * LOW HITPOINT WARNING * * *
The two-headed ogre hits you with a +0 dire flail!
You die...

Skill      XL: |  1  2  3  4  5  6 |
---------------+-------------------+-----
Maces & Flails | 4 6 9 10 | 10.7
Fighting       | 5 7 9 11 | 11.0
Evocations     | 5 |  5.0
Dodging        | |  2.6

Action                   |  1- 3 |  4- 6 |  7- 9 || total
-------------------------+-------+-------+-------++-------
Melee: Mace              |    28 |     4 |       ||    32
       Morningstar       |       |    12 |     1 ||    13
       Punch             |       |     1 |       ||     1
Invok: Berserk           |     1 |     1 |       ||     2
Armor: Animal skin       |    12 |     5 |       ||    17
Dodge: Dodged            |    18 |     3 |       ||    21

Levels and vault maps discovered:
D:        linesprint [early_d, line_temple, items_1, d_10, items_2, lair_1,
          lair_end, items_3, orc_1, orc_end, items_4, d_15, swamp_1, shoals_1,
          snake_1, spider_1, d_20, vaults_1, items_5, swamp_end, shoals_end,
          snake_end, spider_end, vaults_end, d_27, items_6, zot_1, zot_end,
          crypt_end, forest_end, elf_end, slime_end, tomb_end, abyss_end,
          pan_hell_end]

Notes
Turn   | Place    | Note
-------+----------+-------------------------------------------
     0 | D        | browni3141 the Ogre Berserker began the quest for the Orb.
     0 | D        | Reached XP level 1. HP: 24/24 MP: 1/1
     7 | D        | Reached skill level 3 in Maces & Flails
    14 | D        | Reached ** piety under Trog
    26 | D        | Noticed a scorpion
    30 | D        | Reached skill level 5 in Fighting
    30 | D        | Reached skill level 4 in Maces & Flails
    30 | D        | Reached XP level 2. HP: 28/35 MP: 2/2
    39 | D        | Killed a scorpion
    39 | D        | Reached *** piety under Trog
    40 | D        | Reached skill level 7 in Fighting
    40 | D        | Reached skill level 6 in Maces & Flails
    40 | D        | Reached XP level 3. HP: 29/46 MP: 3/3
    40 | D        | Reached XP level 4. HP: 34/55 MP: 4/4
   234 | D        | Found a snail-covered altar of Cheibriados.
   234 | D        | Found a shadowy altar of Dithmenos.
   234 | D        | Found a white marble altar of Elyvilon.
   234 | D        | Found a blossoming altar of Fedhas.
   234 | D        | Found an opulent altar of Gozag.
   235 | D        | Found a hazy altar of Hepliaklqana.
   236 | D        | Found a viscous altar of Jiyva.
   237 | D        | Found an ancient bone altar of Kikubaaqudgha.
   238 | D        | Found a corrupted altar of Lugonu.
   239 | D        | Found a burning altar of Makhleb.
   240 | D        | Found a sparkling altar of Nemelex Xobeh.
   241 | D        | Found an iron altar of Okawaru.
   242 | D        | Found a stormy altar of Qazlal.
   243 | D        | Found a sacrificial altar of Ru.
   244 | D        | Found a shimmering blue altar of Sif Muna.
   245 | D        | Found a bloodstained altar of Trog.
   246 | D        | Found a hide-covered altar of Uskayaw.
   247 | D        | Found a radiant altar of Vehumet.
   248 | D        | Found an ornate altar of the Wu Jian Council.
   249 | D        | Found a shimmering altar of Xom.
   250 | D        | Found a basalt altar of Yredelemnul.
   251 | D        | Found a glowing silver altar of Zin.
   252 | D        | Found a glowing golden altar of the Shining One.
   298 | D        | Noticed a troll
   298 | D        | Noticed a two-headed ogre
   298 | D        | Noticed a vampire mosquito
   298 | D        | Noticed an orc warrior
   298 | D        | Noticed a troll
   299 | D        | Reached **** piety under Trog
   304 | D        | Killed a troll
   305 | D        | Reached skill level 9 in Fighting
   305 | D        | Reached skill level 9 in Maces & Flails
   305 | D        | Reached skill level 5 in Evocations
   305 | D        | Reached XP level 5. HP: 38/67 MP: 5/5
   305 | D        | Reached XP level 6. HP: 43/76 MP: 6/6
   306 | D        | Killed an orc warrior
   307 | D        | Reached skill level 10 in Fighting
   307 | D        | Reached skill level 10 in Maces & Flails
   311 | D        | Killed a vampire mosquito
   312 | D        | Reached skill level 11 in Fighting
   312 | D        | Reached XP level 7. HP: 26/88 MP: 7/7
   312 | D        | HP: 5/132 [two-headed ogre/+0 giant spiked club (21)]
   312 | D        | Mangled by a two-headed ogre

Vanquished Creatures
  A troll (D)
  A vampire mosquito (D)
  An orc warrior (D)
  A scorpion (D)
  A shadow imp (D)
  3 bats (D)
  A giant cockroach (D)
  A jackal (D)
  A ball python skeleton (D)
  A jackal skeleton (D)
  A quokka zombie (D)
  A rat (D)
14 creatures vanquished.

Table legend: (Time is in decaauts)
 A = Elapsed time spent in this place.
 B = Non-inter-level travel time spent in this place.
 C = Inter-level travel time spent in this place.
 D = Time resting spent in this place.
 E = Time spent auto-exploring this place.
 F = Levels seen in this place.
 G = Mean time per level.
                   A        B        C        D        E       F      G
               +--------+--------+--------+--------+--------+-----+--------+
         Total |    320 |    320 |      0 |    196 |     12 |   1 |  320.0 |
       Dungeon |    320 |    320 |      0 |    196 |     12 |   1 |  320.0 |
               +--------+--------+--------+--------+--------+-----+--------+

Top non-repeatable levels by time:
       D: 320 daAuts

Table legend:
 A = Non-vault XP
 B = Vault XP
 C = Vault XP percentage of total XP
 D = Non-vault monster count
 E = Vault monster count
 F = Vault count percentage of total count
                 A         B        C        D         E       F
            +---------+---------+-------+---------+---------+-------
      Total |       0 |     748 | 100.0 |       0 |      14 | 100.0
            +---------+---------+-------+---------+---------+-------
          D |       0 |     748 | 100.0 |       0 |      14 | 100.0
            +---------+---------+-------+---------+---------+-------
